 Dungeon Crawl Stone Soup version 0.30.0-19-g36f170ea60 (webtiles) character file.

Game seed: 11057735864245033512

175 kkr the Magician (level 5, -4/28 HPs)
             Began as a Deep Elf Fire Elementalist on May 26, 2023.
             Slain by a river rat (8 damage)
             ... on level 4 of the Dungeon.
             The game lasted 00:08:09 (3515 turns).

kkr the Magician (Deep Elf Fire Elementalist)       Turns: 3515, Time: 00:08:10

Health: -4/28      AC:  2    Str:  5    XL:     5   Next: 29%
Magic:  11/14      EV: 13    Int: 22    God:
Gold:   168        SH:  0    Dex: 18    Spells: 8/14 levels left

rFire   . . .        k - +6 halberd "Uckurghiq" {heavy, rC+ Will+ Dex+3 Stlth-}
rCold   + + .        (shield currently unavailable)
rNeg    . . .        a - +0 robe
rPois   .            (no helmet)
rElec   .            (no cloak)
rCorr   .            (no gloves)
SInv    .            (no boots)
Will    +....        e - amulet of magic regeneration
Stlth   +            n - ring of protection from cold
HPRegen 0.24/turn    (no ring)
MPRegen 0.54/turn

%: no passive effects
@: no status effects
A: no striking features
a: no special abilities


You were on level 4 of the Dungeon.
You visited 1 branch of the dungeon, and saw 4 of its levels.

You collected 168 gold pieces.

Inventory:

Hand Weapons
 k - the +6 halberd "Uckurghiq" (weapon) {heavy, rC+ Will+ Dex+3 Stlth-}
   (You found it on level 2 of the Dungeon)

   Dex:       It affects your dexterity (+3).
   rC:        It protects you from cold.
   Will:      It increases your willpower.
   Stlth:     It makes you less stealthy.
Armour
 a - a +0 robe (worn)
 r - a +0 leather armour
Magical Staves
 t - a staff of earth
Jewellery
 e - an amulet of magic regeneration (around neck)
 n - a ring of protection from cold (left hand)
 u - an amulet of regeneration
Wands
 j - a wand of flame (27)
Scrolls
 d - a scroll of butterflies {unknown}
 f - 3 scrolls of blinking {unknown}
 g - 2 scrolls of acquirement {unknown}
 h - 5 scrolls of identify
 l - 2 scrolls of noise {unknown}
 m - a scroll of enchant weapon {unknown}
 p - 2 scrolls of poison {unknown}
 q - a scroll of torment {unknown}
Potions
 b - a potion of magic
 c - 3 potions of might {unknown}
 i - 2 potions of curing {unknown}
 o - a potion of lignification {unknown}
 s - a potion of attraction {unknown}


   Skills:
 - Level 2.4 Dodging
 - Level 2.4 Stealth
 * Level 5.2 Spellcasting
 * Level 3.6 Conjurations
 + Level 4.2 Fire Magic


You had 8 spell levels left.
You knew the following spells:

 Your Spells              Type           Power      Damage    Failure   Level
a - Foxfire               Conj/Fire      92%        2x1d8     1%          1
b - Scorch                Fire           48%        2d7       2%          2
c - Volatile Blastmotes   Fire/Tloc      30%        2d12      12%         3

Your spell library contained the following spells:

 Spells                   Type           Power      Damage    Failure   Level
 Sting                    Tmut/Pois      20%        1d4       10%         1
 Inner Flame              Hex/Fire       15%        N/A       12%         3
 Poisonous Vapours        Pois/Air       10%        N/A       16%         2
 Ignite Poison            Fire/Tmut/Pois 11%        N/A       17%         3
 Mephitic Cloud           Conj/Pois/Air  11%        N/A       19%         3
 Flame Wave               Conj/Fire      23%        2d8       21%         4
 Sticky Flame             Conj/Fire      23%        2d4       21%         4
 Ozocubu's Armour         Ice            5%         N/A       30%         3
 Olgreb's Toxic Radiance  Pois           5%         N/A       69%         4
 Freezing Cloud           Conj/Ice/Air   5%         6-21      86%         5
 Ozocubu's Refrigeration  Ice            2%         4d8       100%        7
 Ignition                 Fire           12%        3d6       100%        8


Dungeon Overview and Level Annotations

Branches:
Dungeon (4/15)             Temple (0/1) D:4

Altars:
Ashenzari
Fedhas
Gozag
Trog
Uskayaw
The Shining One

Annotations:
D:3 2 transporters, Bnni's ghost, weakling DsNe


Message History

You enter the shallow water.
Moving in this stuff is going to be slow.
A river rat comes into view.
The river rat barely misses you.
You puncture the river rat!
You kill the river rat!
No target in view!
You enter the shallow water.
Moving in this stuff is going to be slow.
You enter the shallow water.
Moving in this stuff is going to be slow.
A river rat comes into view.
You hit the river rat.
The river rat is moderately wounded.
The river rat barely misses you. The river rat closely misses you.
You closely miss the river rat.
The river rat is moderately wounded.
The river rat bites you! The river rat closely misses you.
You completely miss the river rat.
The river rat is moderately wounded.
The river rat barely misses you. The river rat bites you.
The river rat barely misses you.
You closely miss the river rat.
The river rat is moderately wounded.
The river rat bites you!
* * * LOW HITPOINT WARNING * * *
The river rat misses you.
You are too injured to fight recklessly!
Casting: Foxfire (safe; 1% risk of failure)
Confirm with . or Enter, or press ? or * to list all spells.
Flames lash the river rat.
The river rat is almost dead.
The river rat's fire resistance burns away.
The river rat bites you.
* * * LOW HITPOINT WARNING * * *
Casting: Scorch (safe; 2% risk of failure)
Confirm with . or Enter, or press ? or * to list all spells.
Flames lash the river rat but do no damage.
The river rat bites you!
You die...

#....#,#.......# ##...
#....#,#######.## ##..
###.####~~~,~##~# ##.
##.###~#****~#~# #.
#...##~#*~**~#~# ##
#####....#~#,*~*~#.# #.
#........#~#~*∩*~#~# ###.
#........#r#~***~#~#####...
#........#@#~~~~*#~#.....#.
****##.......#~#######~###..##.
*,,,.........##~..~.~~## #..###
*,,,......#...############.....
*,,,......#.........)..#.......
*,,,......#.........#.....####)
*,,,.#.......§.....##.....###..
*,,,......................##..#
*,,,.##.#.#.................§..


You could see a river rat (combustible).

Vanquished Creatures
  A hound (D:4)
  2 adders (D:2)
  A river rat (D:4)
  5 worms
  5 dart slugs
  3 orcs
  8 bats
  11 endoplasms
  5 giant cockroaches
  3 goblins
  7 hobgoblins
  3 jackals (D:1)
  5 kobolds
  6 quokkas
  8 ball pythons
  2 frilled lizards
  6 rats
81 creatures vanquished.

Vanquished Creatures (others)
  248 foxfires
248 creatures vanquished.

Grand Total: 329 creatures vanquished

Notes
Turn   | Place    | Note
-------+----------+-------------------------------------------
     0 | D:1      | kkr the Deep Elf Fire Elementalist began the quest for the
                  | Orb.
     0 | D:1      | Reached XP level 1. HP: 10/10 MP: 6/6
   229 | D:1      | Reached XP level 2. HP: 15/15 MP: 4/8
   333 | D:1      | Found a faded altar of an unknown god.
  1295 | D:1      | Reached XP level 3. HP: 19/19 MP: 7/10
  1376 | D:2      | Identified the +6 halberd "Uckurghiq" {heavy, rC+ Will+
                  | Dex+3 Stlth-}
  1456 | D:2      | Learned a level 2 spell: Scorch
  1460 | D:2      | Learned a level 3 spell: Volatile Blastmotes
  1510 | D:2      | Reached skill level 4 in Spellcasting
  1848 | D:2      | Found a blossoming altar of Fedhas.
  1958 | D:2      | Reached XP level 4. HP: 24/24 MP: 12/12
  2253 | D:3      | Found a transporter.
  2480 | D:3      | Noticed Bnni's ghost (weakling DsNe)
  2481 | D:3      | Found a transporter.
  2592 | D:3      | Found an opulent altar of Gozag.
  2693 | D:3      | Found a broken altar of Ashenzari.
  3141 | D:3      | Found a bloodstained altar of Trog.
  3141 | D:3      | Found a glowing golden altar of the Shining One.
  3142 | D:3      | Found a hide-covered altar of Uskayaw.
  3466 | D:4      | Reached skill level 5 in Spellcasting
  3471 | D:4      | Reached XP level 5. HP: 27/28 MP: 10/14
  3515 | D:4      | Slain by a river rat

Illustrated notes

Levels and vault maps discovered:
D:1:      dpeg_arrival_more_subterranean_lakeside_camping, layout_loops_ring,
          dilly_ecumenical_altar_fadedgnrine, minmay_tiny_reverse_x
D:2:      layout_basic, basic_altar
D:3:      layout_loops_ring, chequers_temple_overflow_statue_of_worship,
          lemuel_crystal_altar, mainiacjoe_overflow_six_doors_small,
          gammafunk_ghost_mausoleum, minivault_11
D:4:      layout_rooms, kennysheep_mini, minmay_temple_entry_steel_oval,
          gup_sewer_entry_spiral

Skill      XL: |  1  2  3  4 |
---------------+-------------+-----
Conjurations   | 2 3 |  3.6
Spellcasting   | 4 5 |  5.2
Fire Magic     | 4 |  4.2
Dodging        | |  2.4
Stealth        | |  2.4

Action                     |  1- 3 |  4- 6 || total
---------------------------+-------+-------++-------
  Melee: Unarmed           |     1 |       ||     1
         Dagger            |     8 |       ||     8
         Halberd           |    22 |    38 ||    60
   Cast: Foxfire           |    93 |    83 ||   176
         Scorch            |       |     2 ||     2
    Use: Scroll            |       |     2 ||     2
   Stab: Sleeping          |       |     2 ||     2
 Armour: Robe              |     8 |     5 ||    13
  Dodge: Dodged            |    41 |    45 ||    86
